 Dungeon Crawl Stone Soup version 0.30-a0-393-g54b8e3be05 (webtiles) character file.

Game seed: 5072474739686644451

1612 rocky1 the Basher (level 8, -2/64 HPs)
             Began as a Minotaur Fighter on Dec 5, 2022.
             Was an Initiate of Ashenzari.
             Killed by an exploding orc warrior (29 damage)
             ... ignited by their inner flame
             ... on level 6 of the Dungeon on Dec 6, 2022.
             The game lasted 00:15:21 (6002 turns).

rocky1 the Basher (Minotaur Fighter)                Turns: 6002, Time: 00:15:22

Health: -2/64      AC:  9    Str: 21    XL:     8   Next: 63%
Magic:  7/7        EV: 10    Int:  5    God:    Ashenzari [......]
Gold:   50         SH:  5    Dex: 12    Spells: 7/7 levels left

rFire   . . .      SeeInvis .    a - +0 flail
rCold   . . .      Faith    .    c - +0 buckler
rNeg    . . .      Spirit   .    b - +0 scale mail
rPois   .          Reflect  .    B - +0 hat
rElec   .          Harm     .    p - scarf {repulsion}
rCorr   .          Rampage  .    (no gloves)
Will    .....                    l - +1 pair of boots
Stlth   ..........               (no amulet)
HPRegen 0.30/turn                (no ring)
MPRegen 0.10/turn                (no ring)

@: invisible, repel missiles
A: horns 2, retaliatory headbutt
a: Renounce Religion


You were on level 6 of the Dungeon.
You worshipped Ashenzari.
Ashenzari was noncommittal.
You visited 2 branches of the dungeon, and saw 7 of its levels.

You collected 255 gold pieces.
You spent 205 gold pieces at shops.

Inventory:

Hand Weapons
 a - a +0 flail (weapon)
 d - a +7 scythe of flaming
Missiles
 y - 11 poisoned darts (quivered)
 H - 4 boomerangs
 J - 3 throwing nets
 K - 4 javelins
 L - a silver javelin
Armour
 b - a +0 scale mail (worn)
 c - a +0 buckler (worn)
 f - a +0 cloak
 l - a +1 pair of boots (worn)
 p - a scarf of repulsion (worn)
 B - a +0 hat (worn)
 F - a +0 kite shield
Jewellery
 j - an amulet of the acrobat
 r - a ring of wizardry
 w - a ring of willpower
 A - a +4 ring of slaying
 I - a ring of flight
Scrolls
 g - a scroll of enchant armour
 h - a scroll of silence
 q - 2 scrolls of butterflies
 t - a scroll of vulnerability
 u - 2 scrolls of magic mapping
 v - a scroll of brand weapon
Potions
 e - a potion of curing {unknown}
 i - a potion of heal wounds
 k - 3 potions of invisibility
 m - 2 potions of lignification
 n - a potion of brilliance
 o - 4 potions of mutation
 s - 3 potions of degeneration {unknown}
 x - a potion of might
 C - a potion of ambrosia {unknown}
 D - a potion of flight {unknown}
 E - a potion of attraction {unknown}


   Skills:
 - Level 3.6 Fighting
 * Level 11.8 Maces & Flails
 - Level 3.6 Armour
 - Level 3.4 Dodging
 - Level 1.2 Stealth
 + Level 5.3 Shields


You had 7 spell levels left.
You didn't know any spells.
Your spell library contained the following spells:

 Spells                   Type           Power      Damage    Failure   Level
 Sublimation of Blood     Necr           0%         N/A       95%         2
 Call Canine Familiar     Summ           0%         N/A       99%         3
 Portal Projectile        Hex/Tloc       0%         N/A       99%         3
 Leda's Liquefaction      Hex/Erth       0%         N/A       100%        4
 Petrify                  Tmut/Erth      0%         N/A       100%        4
 Irradiate                Conj/Tmut      0%         3d11      100%        5


Dungeon Overview and Level Annotations

Branches:
Dungeon (6/15)             Temple (1/1) D:6

Altars:
Ashenzari
Cheibriados
Dithmenos
Elyvilon
Fedhas
Gozag
Hepliaklqana
Kikubaaqudgha
Makhleb
Nemelex Xobeh
Okawaru
Qazlal
Ru
Trog
Uskayaw
Wu Jian
Xom
Yredelemnul
Zin
The Shining One

Shops:
D:2 *([   D:4 (   D:5 (

Annotations:
D:6 Duvessa


Innate Abilities, Weirdness & Mutations

You have a pair of horns on your head.
You reflexively headbutt those who attack you in melee.


Message History

You block the orc warrior's attack.
Okay, then.
You feel much better.
Duvessa hits you with a +3 vampiric rapier.
Duvessa hits you with a +3 vampiric rapier!
* * * LOW HITPOINT WARNING * * *
The orc closely misses you. You furiously retaliate!
You headbutt the orc. The orc warrior closely misses you.
Duvessa attacks as you move away! Duvessa misses you.
The orc warrior attacks as you move away!
The orc warrior hits you with a +0 mace!
* * * LOW HITPOINT WARNING * * *
You feel much better.
Duvessa hits you with a +3 vampiric rapier.
Duvessa hits you with a +3 vampiric rapier!
* * * LOW HITPOINT WARNING * * *
Okay, then.
Okay, then.
As you read the scroll labelled UHIKIS HYATY, it crumbles to dust.
The creatures around you are filled with an inner flame!
It was a scroll of immolation.
Duvessa hits you with a +3 vampiric rapier!
* * * LOW HITPOINT WARNING * * *
You feel much better. You block Duvessa's attack.
Duvessa hits you with a +3 vampiric rapier.
The orc warrior hits you but does no damage.
As you read the scroll labelled WOAQUU YSARAT, it crumbles to dust.
You hear a loud clanging noise!
It was a scroll of noise.
You hear a shout!
Duvessa hits you with a +3 vampiric rapier.
You fade into invisibility!
Duvessa closely misses you. Duvessa barely misses you.
The orc warrior barely misses you. You furiously retaliate!
You headbutt the orc warrior.
The orc warrior explodes!
The fiery explosion engulfs Duvessa!!!
Flame seeps out of Duvessa.
Duvessa is almost dead.
The fiery explosion engulfs you!!
You die...

.. #.......#..........#..
...#.......#..........#..
...'.......#..........#..
.#.......#.....<.)..#..
#.......#########..#..
###'#.....#######..##'
...#.....#...........
.....#§§§..#...........
.......#@§§..#...........
......)#e§§..#...........
.......'o....#...........
##+#####.....##'##..####.
#....#####..##..#####
#....#...........#..+
#....#...........#...
#....#...........#..#
#....'...........#>.#


You could see Duvessa (berserk, inner flame, unable to see you) and an orc
(inner flame, unable to see you).

Vanquished Creatures
  Sigmund (D:3)
  An orc warrior (D:6)
  A black bear (D:5)
  An ice beast (D:6)
  A water moccasin (D:5)
  An ogre (D:6)
  A centaur (D:5)
  A necrophage (D:5)
  A gnoll sergeant (D:5)
  A bullfrog (D:4)
  Dowan (D:6)
  A jelly (D:4)
  2 orc priests
  A gnoll bouda (D:6)
  A hound (D:6)
  Jessica (D:3)
  4 iguanas
  9 orc wizards
  8 adders
  8 gnolls
  A shadow imp (D:6)
  3 white imps
  2 worms (D:2)
  A dart slug (D:1)
  12 orcs
  8 endoplasms
  3 giant cockroaches
  6 goblins
  7 hobgoblins
  4 jackals (D:1)
  10 kobolds
  3 quokkas
  3 training dummies (D:5)
  6 ball pythons
  A bat (D:1)
  2 frilled lizards (D:1)
  3 rats
121 creatures vanquished.

Vanquished Creatures (others)
  A fungus (D:2)
  4 plants (D:2)
5 creatures vanquished.

Grand Total: 126 creatures vanquished

Notes
Turn   | Place    | Note
-------+----------+-------------------------------------------
     0 | D:1      | rocky1 the Minotaur Fighter began the quest for the Orb.
     0 | D:1      | Reached XP level 1. HP: 19/19 MP: 0/0
   202 | D:1      | Reached skill level 3 in Maces & Flails
   207 | D:1      | Reached XP level 2. HP: 26/26 MP: 1/1
   372 | D:1      | Reached skill level 4 in Maces & Flails
   386 | D:1      | Reached XP level 3. HP: 18/31 MP: 2/2
   866 | D:2      | Found Ihusti Iwua's Antique Weapon Shoppe.
   871 | D:2      | Reached skill level 1 in Dodging
   888 | D:2      | Reached skill level 5 in Maces & Flails
   888 | D:2      | Reached XP level 4. HP: 39/39 MP: 3/3
  1131 | D:2      | Found Baym's Armour Shoppe.
  1186 | D:2      | Found Jeopsu's General Store.
  1195 | D:2      | Bought a potion of brilliance for 40 gold pieces
  1195 | D:2      | Bought a scroll of identify for 20 gold pieces
  1373 | D:2      | Found a faded altar of an unknown god.
  1462 | D:2      | Upgraded the game from 0.30-a0-390-g80c34de65d to
                  | 0.30-a0-393-g54b8e3be05
  1550 | D:3      | Noticed Jessica
  1566 | D:3      | Killed Jessica
  1567 | D:3      | Reached skill level 6 in Maces & Flails
  1567 | D:3      | Reached XP level 5. HP: 45/45 MP: 4/4
  1786 | D:3      | Noticed Sigmund
  1795 | D:3      | Killed Sigmund
  1796 | D:3      | Reached skill level 7 in Maces & Flails
  1796 | D:3      | Reached XP level 6. HP: 32/51 MP: 5/5
  2499 | D:4      | Found Keunuw's Antique Weapon Boutique.
  2998 | D:4      | Reached skill level 8 in Maces & Flails
  3479 | D:5      | Entered Level 5 of the Dungeon
  3487 | D:4      | Reached XP level 7. HP: 56/57 MP: 6/6
  3555 | D:5      | Reached skill level 9 in Maces & Flails
  3555 | D:5      | Reached skill level 1 in Stealth
  3639 | D:5      | Reached skill level 10 in Maces & Flails
  4191 | D:5      | Reached XP level 8. HP: 55/64 MP: 7/7
  4481 | D:5      | Found a stormy altar of Qazlal.
  4517 | D:5      | Found a blossoming altar of Fedhas.
  4538 | D:5      | Found Xykkist's Firing Range.
  4546 | D:5      | Bought a throwing net for 39 gold pieces
  4546 | D:5      | Bought a throwing net for 39 gold pieces
  4546 | D:5      | Bought 5 poisoned darts for 26 gold pieces
  4546 | D:5      | Bought 4 javelins for 41 gold pieces
  5097 | D:6      | Found a staircase to the Ecumenical Temple.
  5111 | D:6      | Reached skill level 11 in Maces & Flails
  5357 | Temple   | Entered the Ecumenical Temple
  5554 | Temple   | Became a worshipper of Ashenzari the Shackled
  5580 | D:6      | Found an iron altar of Okawaru.
  5612 | D:6      | Found a hazy altar of Hepliaklqana.
  5848 | D:6      | Reached skill level 5 in Shields
  5976 | D:6      | Noticed Dowan
  5985 | D:6      | Killed Dowan
  5988 | D:6      | Noticed Duvessa
  5997 | D:6      | HP: 3/64 [orc warrior/+0 mace (7)]
  6002 | D:6      | Killed by an exploding orc warrior... ignited by their
                  | inner flame

Illustrated notes

Levels and vault maps discovered:
D:1:      dpeg_arrival_oval, layout_basic, minmay_liquid_box, minmay_misc_feat_x
D:2:      layout_loops_ring, serial_shops, nicolae_shop_stone,
          nicolae_lakefront_shop, shop,
          shapermc_ecumenical_altar_mp_urbaneastern
D:3:      layout_loops_ring, minmay_cut_off, uniq_jessica, uniq_sigmund
D:4:      nicolae_cairo_tiling, layout_cave_pools, serial_shops,
          nicolae_shop_hallway_stairs, minmay_pentangle
D:5:      layout_cave_pools, general_overflow_altar, kennysheep_mini_moat,
          nicolae_shop_firing_range
D:6:      layout_gridville, mainiacjoe_overflow_catch_the_wave,
          minmay_temple_entry_grid, uniq_duvessa
Temple:   regret_index_temple_sphere_string

Skill      XL: |  1  2  3  4  5  6  7  8 |
---------------+-------------------------+-----
Maces & Flails | 3 4 5 6 7 8 10 11 | 11.8
Dodging        | 1 2 3 |  3.4
Stealth        | 1 |  1.2
Shields        | 5 |  5.3
Fighting       | |  3.6
Armour         | |  3.6

Action                   |  1- 3 |  4- 6 |  7- 9 || total
-------------------------+-------+-------+-------++-------
Melee: Flail             |    60 |   131 |   157 ||   348
       Headbutt          |     7 |    20 |    25 ||    52
  Use: Scroll            |       |     7 |     5 ||    12
       Potion            |       |     1 |     4 ||     5
Armor: Scale mail        |    26 |    42 |    53 ||   121
Dodge: Dodged            |    29 |    50 |    64 ||   143
       Repelled          |       |     1 |     3 ||     4
Block: Buckler           |     9 |    23 |    41 ||    73

Table legend: (Time is in decaauts)
 A = Elapsed time spent in this place.
 B = Non-inter-level travel time spent in this place.
 C = Inter-level travel time spent in this place.
 D = Time resting spent in this place.
 E = Time spent auto-exploring this place.
 F = Levels seen in this place.
 G = Mean time per level.
                   A        B        C        D        E       F      G
               +--------+--------+--------+--------+--------+-----+--------+
         Total |   6019 |   5864 |    155 |   1409 |   3309 |   7 |  859.9 |
       Dungeon |   5804 |   5658 |    146 |   1409 |   3183 |   6 |  967.3 |
        Temple |    215 |    206 |      9 |      0 |    126 |   1 |  215.0 |
               +--------+--------+--------+--------+--------+-----+--------+

Top non-repeatable levels by time:
     D:4: 1516 daAuts
     D:5: 1272 daAuts
     D:3: 865 daAuts
     D:1: 775 daAuts
     D:2: 770 daAuts
     D:6: 602 daAuts
  Temple: 215 daAuts
